 Dungeon Crawl Stone Soup version 0.31-a0-750-gfe7b580527 (webtiles) character file.

Game seed: 1069483289253800692

70 Dittersdorf the Shield-Bearer (level 4, -4/29 HPs)
             Began as a Gargoyle Fighter on Sept 14, 2023.
             Killed by divine providence
             ... invoked by an orc priest
              (17 damage)
             ... on level 3 of the Dungeon.
             The game lasted 00:01:39 (1342 turns).

Dittersdorf the Shield-Bearer (Gargoyle Fighter)    Turns: 1342, Time: 00:01:40

Health: -4/29      AC: 10    Str: 22    XL:     4   Next: 21%
Magic:  4/4        EV:  9    Int:  8    God:
Gold:   103        SH:  4    Dex:  9    Spells: 3/3 levels left

rFire   . . .        a - +0 flail
rCold   . . .        c - +0 buckler
rNeg    + . .        b - +0 scale mail
rPois   ∞            (no helmet)
rElec   +            (no cloak)
rCorr   .            (no gloves)
SInv    .            (no boots)
Will    .....        (no amulet) Stlth
                     (no ring)
HPRegen 0.24/turn    (no ring)
MPRegen 0.09/turn

%: no passive effects
@: no status effects
A: sickness immunity, AC +3, negative energy resistance 1, electricity
resistance, torment resistance 1, petrification resistance
a: no special abilities


You were on level 3 of the Dungeon.
You visited 1 branch of the dungeon, and saw 3 of its levels.

You collected 103 gold pieces.

Inventory:

Hand Weapons
 a - a +0 flail (weapon)
Missiles
 h - 5 poisoned darts (quivered)
Armour
 b - a +0 scale mail (worn)
 c - a +0 buckler (worn)
Scrolls
 e - 5 scrolls of identify {unknown}
 g - a scroll of teleportation {unknown}
 j - a scroll of enchant weapon {unknown}
Potions
 d - 2 potions of might
 f - 2 potions of attraction {unknown}
 i - a potion of curing {unknown}


   Skills:
 + Level 3.9 Fighting
 + Level 2.7 Maces & Flails
 + Level 3.8 Armour
 + Level 4.0 Shields


You had 3 spell levels left.
You didn't know any spells.
Your spell library contained the following spells:

 Spells                   Type           Power      Damage    Failure   Level
 Sting                    Tmut/Pois      0%         1d3       80%         1
 Call Imp                 Summ           0%         N/A       90%         2
 Poisonous Vapours        Pois/Air       0%         N/A       90%         2
 Frozen Ramparts          Ice            0%         1d1       99%         3
 Hailstorm                Conj/Ice       0%         3d3       99%         3
 Olgreb's Toxic Radiance  Pois           0%         N/A       100%        4
 Petrify                  Tmut/Erth      0%         N/A       100%        4
 Metabolic Englaciation   Hex/Ice        0%         N/A       100%        5
 Summon Forest            Summ/Tloc      0%         N/A       100%        5
 Spellforged Servitor     Conj/Summ      0%         N/A       100%        7


Dungeon Overview and Level Annotations

Branches:
Dungeon (3/15)

Altars:

Shops:
D:2 =


Innate Abilities, Weirdness & Mutations

You are immune to sickness and miasma.
Your stone body is resilient. (AC +3)
You are immune to poison.
You resist negative energy. (rN+)
You are resistant to electric shocks. (rElec)
You are resistant to unholy torment.
You are immune to petrification.


Message History

The orc wizard shouts!
An orc comes into view. It is wielding a +0 mace.
An orc wizard comes into view. It is wielding a +0 dagger.
The orc shouts!
The orc wizard shouts!
The orc wizard gestures wildly while chanting.
The orc wizard flickers and vanishes!
Deactivating autopickup; reactivate with Ctrl-A.
The orc wizard points at you and mumbles some strange words.
The puff of flame hits you!
There is an open door here.
The orc priest miscasts a cantrip.
The orc priest looks satisfied for a moment.
A magic dart appears from out of thin air!
The magic dart hits you but does no damage.
The orc wizard mumbles some strange words.
The orc wizard flickers and vanishes!
The orc priest looks satisfied for a moment.
There is a stone staircase leading down here.
You climb downwards.
Reactivating autopickup.
There is a stone staircase leading up here.
You start resting.
HP restored.
Found a thick runed staff.
You see here a staff of air.
There is a stone staircase leading up here.
You climb upwards.
There is a stone staircase leading down here.
The orc priest invokes the aid of Beogh against you.
Beogh smites you!
Ouch! That really hurt!
You climb downwards.
There is a stone staircase leading up here.
You are too injured to fight recklessly!
You are too injured to fight recklessly!
You closely miss the orc priest.
The orc priest invokes the aid of Beogh against you.
Beogh smites you!
Ouch! That really hurt!
You die...

#.. #.# #.#
#.#
####.###
#......####
#.#.......#
#.#..#o##.#
#.#..@.##|#
#.#.##.##.#
#.#.##.##.#
#.........#
######.####
#... #####


You could see an orc priest.

Vanquished Creatures
  3 adders (D:2)
  A dart slug (D:1)
  3 bats
  3 endoplasms (D:2)
  2 giant cockroaches
  6 goblins
  5 hobgoblins
  4 jackals (D:2)
  2 kobolds
  2 quokkas
  A frilled lizard (D:1)
  3 rats
35 creatures vanquished.

Notes
Turn   | Place    | Note
-------+----------+-------------------------------------------
     0 | D:1      | Dittersdorf the Gargoyle Fighter began the quest for the
                  | Orb.
     0 | D:1      | Reached XP level 1. HP: 14/14 MP: 1/1
   135 | D:1      | Reached XP level 2. HP: 14/19 MP: 2/2
   605 | D:2      | Reached XP level 3. HP: 21/23 MP: 3/3
   917 | D:2      | Found Wosuthro's Jewellery Shoppe.
   956 | D:2      | Reached XP level 4. HP: 26/29 MP: 4/4
   967 | D:2      | Reached skill level 4 in Shields
  1234 | D:2      | Got the Parchment of Shivering Beckoning
  1342 | D:3      | Killed from afar by an orc priest

Illustrated notes

Levels and vault maps discovered:
D:1:      dpeg_arrival_orchard, layout_basic
D:2:      layout_basic, serial_shops, nicolae_shop_rolling_square,
          minmay_indecisive_spiral
D:3:      layout_loops_cross, ebering_ecumenical_altar_petrified, serial_shops,
          shop, uniq_sigmund, uniq_terence

Skill      XL: |  1  2  3  4 |
---------------+-------------+-----
Shields        | 4 |  4.0
Fighting       | |  3.9
Maces & Flails | |  2.7
Armour         | |  3.8

Action                     |  1- 3 |  4- 6 || total
---------------------------+-------+-------++-------
  Melee: Flail             |   130 |    15 ||   145
 Armour: Scale mail        |   107 |     9 ||   116
  Dodge: Dodged            |    61 |     5 ||    66
  Block: Buckler           |    30 |     4 ||    34

Table legend: (Time is in decaauts)
 A = Elapsed time spent in this place.
 B = Non-inter-level travel time spent in this place.
 C = Inter-level travel time spent in this place.
 D = Time resting spent in this place.
 E = Time spent auto-exploring this place.
 F = Levels seen in this place.
 G = Mean time per level.
                   A        B        C        D        E       F      G
               +--------+--------+--------+--------+--------+-----+--------+
         Total |   1388 |   1347 |     41 |     31 |    969 |   3 |  462.7 |
       Dungeon |   1388 |   1347 |     41 |     31 |    969 |   3 |  462.7 |
               +--------+--------+--------+--------+--------+-----+--------+

Top non-repeatable levels by time:
     D:2: 701 daAuts
     D:1: 625 daAuts
     D:3: 62 daAuts
